 Dungeon Crawl Stone Soup version 0.30.1-3-gfc49f6343a (webtiles) character file.

Game seed: 15406044482485680700

278 hawla the Firebug (level 6, 0/47 HPs)
             Began as a Meteoran Fire Elementalist on July 27, 2023.
             Slain by a bullfrog (5 damage)
             ... on level 7 of the Dungeon.
             The game lasted 00:04:20 (654 turns).

hawla the Firebug (Meteoran Fire Elementalist)       Turns: 654, Time: 00:04:21

Health: 0/47       AC:  2    Str:  9    XL:     6   Next: 81%
Magic:  3/14       EV: 13    Int: 19    God:
Gold:   11         SH:  0    Dex: 15    Spells: 11/14 levels left

rFire   . . .        g - +0 flail
rCold   . . .        (no shield)
rNeg    . . .        a - +0 robe
rPois   .            (no helmet)
rElec   .            (no cloak)
rCorr   .            (no gloves)
SInv    .            (no boots)
Will    .....        (no amulet)
Stlth   +            i - ring of flight
HPRegen 0.27/turn    (no ring)
MPRegen 0.14/turn

%: no passive effects
@: flying, glowing
A: sense surroundings 1, otherworldly, glowing, explore regen
a: no special abilities


You were on level 7 of the Dungeon.
You visited 1 branch of the dungeon, and saw 5 of its levels.

You collected 93 gold pieces.
You spent 82 gold pieces at shops.

Inventory:

Hand Weapons
 g - a +0 flail (weapon)
Armour
 a - a +0 robe (worn)
Jewellery
 i - a ring of flight (left hand)
Scrolls
 b - a scroll of enchant weapon
 c - 2 scrolls of enchant armour {unknown}
 e - a scroll of identify {unknown}
 j - a scroll of fear {unknown}
Potions
 f - 2 potions of curing {unknown}
 h - a potion of flight {unknown}


   Skills:
 + Level 1.2 Fighting
 + Level 2.0 Maces & Flails
 + Level 3.7 Dodging
 - Level 1.4 Stealth
 + Level 4.7 Spellcasting
 + Level 1.8 Conjurations
 + Level 5.7 Fire Magic


You had 11 spell levels left.
You knew the following spells:

 Your Spells              Type           Power      Damage    Failure   Level
a - Foxfire               Conj/Fire      72%        2x1d7     2%          1
b - Scorch                Fire           52%        2d7       1%          2

Your spell library contained the following spells:

 Spells                   Type           Power      Damage    Failure   Level
 Inner Flame              Hex/Fire       15%        N/A       12%         3
 Volatile Blastmotes      Fire/Tloc      30%        2d12      12%         3
 Flame Wave               Conj/Fire      18%        2d7       26%         4


Dungeon Overview and Level Annotations

Branches:
Dungeon (4/15) Zot: 2330
 Temple: D:4-7

Altars:

Shops:
D:1 (   D:4 [   D:7 *


Innate Abilities, Weirdness & Mutations

You passively map a small area around you.
You are easily found by Zot.
You glow in the dark.
You regain HP and MP as you explore.


Message History

You feel less wooden.
Your +0 robe unmelds from your body.
You hear some strange, mumbled words.
A magic dart appears from out of thin air!
Deactivating autopickup; reactivate with Ctrl-A.
The magic dart hits you.
* * * LOW HITPOINT WARNING * * *
Casting: Scorch (safe; 1% risk of failure)
Confirm with . or Enter, or press ? or * to list all spells.
You conjure some foxfire!
Something barely misses you.
You barely miss something.
The foxfire hits something. x2
Reactivating autopickup.
You feel a bit more experienced.
Things that are here:
a +0 dagger; a +0 robe; an orc corpse
Things that are here:
a +0 dagger; a +0 robe; an orc corpse
Found Moxoll's General Store.
There is an entrance to Moxoll's General Store here.
b - a scroll of enchant weapon Thank you for shopping at Moxoll's General Store!
Okay, then.
A bullfrog comes into view.
The bullfrog croaks.
The bullfrog hits you.
* * * LOW HITPOINT WARNING * * *
Casting: Foxfire (safe; 2% risk of failure)
Confirm with . or Enter, or press ? or * to list all spells.
Flames lash the bullfrog.
The bullfrog is moderately wounded.
The bullfrog's fire resistance burns away.
The bullfrog hits you!
* * * LOW HITPOINT WARNING * * *
Casting: Scorch (safe; 1% risk of failure)
Confirm with . or Enter, or press ? or * to list all spells.
Flames lash the bullfrog.
The bullfrog is burned terribly!
The bullfrog is severely wounded.
The bullfrog hits you but does no damage.
The bullfrog hits you.
You die...

* *### ### , , ..#
#.. , #.# ####.# #.#
##.##.#
,#####.###...#)####
# #.∩........))....#
#.#...........#).#.#
#.F@....##.#.##.....
#....##.##.###.....#
#.......##.# ##.....
##......##.# ##.###
#..##..##.# #.#
#......##.# #.# ##..
... * ##'## ### ###
##...## ##.....#


You could see a bullfrog (combustible).

Vanquished Creatures
  An orc warrior (D:7)
  A howler monkey (D:4)
  A hound (D:7)
  An iguana (D:7)
  2 orc wizards (D:7)
  3 adders (D:2)
  A worm (D:4)
  An orc (D:7)
  2 endoplasms
  2 hobgoblins
  2 kobolds
  2 quokkas (D:4)
  A ball python (D:4)
  A frilled lizard (D:2)
  A goblin (D:2)
  A rat (D:1)
23 creatures vanquished.

Vanquished Creatures (others)
  45 foxfires
45 creatures vanquished.

Grand Total: 68 creatures vanquished

Notes
Turn   | Place    | Note
-------+----------+-------------------------------------------
     0 | D:1      | hawla the Meteoran Fire Elementalist began the quest for
                  | the Orb.
     0 | D:1      | Reached XP level 1. HP: 14/14 MP: 5/5
    37 | D:1      | Found Dentet's Antique Weapon Shop.
   260 | D:2      | Reached skill level 4 in Fire Magic
   260 | D:2      | Reached XP level 2. HP: 20/20 MP: 4/7
   263 | D:2      | Learned a level 2 spell: Scorch
   290 | D:2      | Reached XP level 3. HP: 26/26 MP: 4/8
   486 | D:4      | Reached XP level 4. HP: 18/33 MP: 3/9
   504 | D:4      | Reached skill level 1 in Maces & Flails
   504 | D:4      | Reached skill level 5 in Fire Magic
   547 | D:4      | Found Voziuc's Antique Armour Boutique.
   552 | D:4      | You are sucked into a shaft and drop 3 floors!
   575 | D:7      | Reached XP level 5. HP: 36/39 MP: 6/11
   610 | D:7      | Noticed an orc warrior
   631 | D:7      | Killed an orc warrior
   632 | D:7      | Reached skill level 1 in Fighting
   632 | D:7      | Reached XP level 6. HP: 21/47 MP: 8/13
   643 | D:7      | Found Moxoll's General Store.
   651 | D:7      | Bought a scroll of enchant weapon for 82 gold pieces
   654 | D:7      | Slain by a bullfrog

Illustrated notes

Levels and vault maps discovered:
D:1:      wander_arrival_estate, layout_loops_ring, serial_shops,
          nicolae_shop_getting_attention, minmay_statues_item, st_stairs_5,
          minivault_27
D:2:      layout_loops_corners
D:3:      layout_basic, lemuel_tele_altar, minivault_5,
          minmay_fractal_squares_diagonal_5
D:4:      layout_loops_ring, nicolae_stop_n_shop_1
D:7:      layout_loops_corners, serial_shops, shop

Skill      XL: |  1  2  3  4  5  6 |
---------------+-------------------+-----
Spellcasting   | 3 4 |  4.7
Fire Magic     | 4 5 |  5.7
Maces & Flails | 1 2 |  2.0
Dodging        | 3 |  3.7
Fighting       | 1 |  1.2
Stealth        | |  1.4
Conjurations   | |  1.8

Action                     |  1- 3 |  4- 6 || total
---------------------------+-------+-------++-------
  Melee: Flail             |    21 |    25 ||    46
         Punch             |     1 |       ||     1
   Cast: Foxfire           |    14 |    14 ||    28
         Scorch            |     4 |    13 ||    17
    Use: Potion            |       |     2 ||     2
 Armour: Robe              |     3 |     7 ||    10
         Skin              |       |    31 ||    31
  Dodge: Dodged            |    21 |    15 ||    36
